 Dungeon Crawl Stone Soup version 0.30-a0-1094-g860fb061e7 (webtiles) character file.

Game seed: 11676269254692292587

506 Arzdou the Ruffian (level 6, -2/53 HPs)
             Began as a Minotaur Monk on Apr 17, 2023.
             Engulfed by a steam dragon's steam (11 damage)
             ... on level 4 of the Dungeon.
             The game lasted 00:05:40 (3567 turns).

Arzdou the Ruffian (Minotaur Monk)                  Turns: 3567, Time: 00:05:41

Health: -2/53      AC:  6    Str: 17    XL:     6   Next: 97%
Magic:  5/5        EV: 11    Int:  7    God:
Gold:   187        SH:  0    Dex: 13    Spells: 5/5 levels left

rFire   . . .      SeeInvis .      - Unarmed
rCold   . . .      Faith    .    c - orb {light}
rNeg    + . .      Spirit   .    u - +0 scale mail
rPois   .          Reflect  .    (helmet restricted)
rElec   .          Rampage  .    (no cloak)
rCorr   .                        (no gloves)
Will    .....                    (no boots) Stlth
                                 (no amulet)
HPRegen 0.28/turn                i - ring of positive energy
MPRegen 0.09/turn                (no ring)

@: glowing
A: horns 2, retaliatory headbutt
a: no special abilities


You were on level 4 of the Dungeon.
You visited 1 branch of the dungeon, and saw 4 of its levels.

You collected 187 gold pieces.

Inventory:

Armour
 a - a +0 robe
 c - an orb of light (worn)
 u - a +0 scale mail (worn)
Jewellery
 i - a ring of positive energy (left hand)
 j - a ring of wizardry
 r - an amulet of guardian spirit
 w - a ring of magical power
Scrolls
 d - 4 scrolls of fear {unknown}
 e - 3 scrolls of teleportation
 k - a scroll of magic mapping {unknown}
 m - 4 scrolls of identify {unknown}
 n - a scroll of fog {unknown}
 p - a scroll of vulnerability {unknown}
 q - a scroll of enchant armour {unknown}
 s - a scroll of noise
 t - a scroll of enchant weapon {unknown}
Potions
 b - 2 potions of ambrosia
 f - a potion of lignification {unknown}
 g - 3 potions of brilliance {unknown}
 h - 5 potions of heal wounds {unknown}
 l - a potion of haste {unknown}
 o - 3 potions of attraction {unknown}
 v - a potion of curing {unknown}
 x - a potion of cancellation {unknown}


   Skills:
 + Level 4.5 Fighting
 + Level 1.6 Armour
 + Level 4.1 Dodging
 + Level 0.5 Stealth
 * Level 7.6 Unarmed Combat


You had 5 spell levels left.
You didn't know any spells.
Your spell library contained the following spells:

 Spells                   Type           Power      Damage    Failure   Level
 Beastly Appendage        Tmut           0%         N/A       85%         1
 Magic Dart               Conj           0%         1d3       85%         1
 Call Imp                 Summ           0%         N/A       94%         2
 Wereblood                Tmut           0%         N/A       94%         2
 Mephitic Cloud           Conj/Pois/Air  0%         N/A       99%         3
 Portal Projectile        Hex/Tloc       0%         N/A       99%         3
 Spider Form              Tmut/Pois      0%         N/A       99%         3
 Tukima's Dance           Hex            0%         N/A       99%         3
 Blade Hands              Tmut           0%         N/A       100%        5


Dungeon Overview and Level Annotations

Branches:
Dungeon (4/15)
 Temple: D:4-7

Altars:

Shops:
D:4 (


Innate Abilities, Weirdness & Mutations

You have a pair of horns on your head.
You reflexively headbutt those who attack you in melee.


Message History

You are too injured to fight recklessly!
You are too injured to fight recklessly!
You are too injured to fight recklessly!
You are too injured to fight recklessly!
You are too injured to fight recklessly!
You are too injured to fight recklessly!
You are too injured to fight recklessly!
You are too injured to fight recklessly!
You are too injured to fight recklessly!
You are too injured to fight recklessly!
You are too injured to fight recklessly!
You are too injured to fight recklessly!
You are too injured to fight recklessly!
Unknown command.
You are too injured to fight recklessly!
You hit the steam dragon. You headbutt the steam dragon.
The steam dragon is heavily wounded.
The steam dragon closely misses you. You furiously retaliate!
You headbutt the steam dragon.
The steam dragon claws you but does no damage.
You hit the steam dragon but do no damage.
The steam dragon is heavily wounded.
You punch the steam dragon! You headbutt the steam dragon.
The steam dragon is almost dead.
The steam dragon completely misses you. x2
You hit the steam dragon but do no damage.
The steam dragon is almost dead.
The steam dragon barely misses you.
The steam dragon claws you but does no damage.
You hit the steam dragon.
The steam dragon is almost dead.
The steam dragon breathes steam at you. The ball of steam hits you!
* * * LOW HITPOINT WARNING * * *
Unknown command.
You barely miss the steam dragon.
You headbutt the steam dragon, but do no damage.
The steam dragon is almost dead.
You are engulfed in a cloud of scalding steam.
You die...

.##...........#
.....####'#...#.#
####.# #.#.....# #
#.# #...##### ####.
###.# ... #.#######.
.##########.........
......>......########
.. ..#.#####.#§§@D..#
#.# #...#§####.# #.#
#.###.# #.# #..>..#
#.# ####### #.# #..
#.# #.# ## ##.# #.#
.####..######.#


You could see a steam dragon (catching breath).

Vanquished Creatures
  Menkaure (D:4)
  A phantom (D:2)
  A scorpion (D:4)
  A crimson imp (D:4)
  A sleepcap (D:4)
  5 gnolls
  5 adders (D:2)
  A white imp (D:4)
  A worm (D:3)
  4 dart slugs
  8 bats
  6 endoplasms
  3 giant cockroaches
  6 goblins
  4 hobgoblins
  5 jackals
  2 kobolds (D:3)
  6 quokkas
  9 ball pythons
  10 frilled lizards
  4 rats (D:2)
84 creatures vanquished.

Notes
Turn   | Place    | Note
-------+----------+-------------------------------------------
     0 | D:1      | Arzdou the Minotaur Monk began the quest for the Orb.
     0 | D:1      | Reached XP level 1. HP: 19/19 MP: 0/0
   243 | D:1      | Reached XP level 2. HP: 27/27 MP: 1/1
   951 | D:2      | Reached skill level 4 in Unarmed Combat
   974 | D:2      | Reached XP level 3. HP: 33/33 MP: 2/2
   991 | D:2      | Noticed a phantom
  1003 | D:2      | Killed a phantom
  1004 | D:2      | Reached skill level 5 in Unarmed Combat
  1004 | D:2      | Reached XP level 4. HP: 28/41 MP: 3/3
  1212 | D:2      | Reached XP level 5. HP: 43/47 MP: 4/4
  2087 | D:3      | Reached skill level 6 in Unarmed Combat
  2846 | D:4      | Reached skill level 1 in Armour
  2846 | D:4      | Reached XP level 6. HP: 39/53 MP: 5/5
  3091 | D:4      | Identified the +7 short sword "Sockirch" {venom, Fragile
                  | Int+2 Dex+8}
  3349 | D:4      | Noticed Menkaure
  3363 | D:4      | Killed Menkaure
  3364 | D:4      | Reached skill level 7 in Unarmed Combat
  3500 | D:4      | Found Fioking's Weapon Shop.
  3554 | D:4      | Noticed a steam dragon
  3567 | D:4      | Engulfed by a steam dragon's steam

Illustrated notes

Levels and vault maps discovered:
D:1:      tarquinn_simple_flora_water_e, layout_loops_ring, serial_forest,
          infiniplex_forest_end_2, infiniplex_forest_fountain,
          infiniplex_forest_straight_2, infiniplex_forest_clump_small,
          infiniplex_forest_clump_C, grunt_decor_mini_mirrors
D:2:      minmay_chambers_of_ones, layout_rooms, minmay_lizard_pond
D:3:      layout_basic, grunt_ministairs_14, minmay_puff
D:4:      layout_basic, minmay_shop_grid_forest, minmay_fire_ice_demons,
          uniq_menkaure

Skill      XL: |  1  2  3  4  5  6 |
---------------+-------------------+-----
Fighting       | 4 |  4.5
Unarmed Combat | 4 5 6 7 |  7.6
Dodging        | 4 |  4.1
Armour         | 1 |  1.6
Stealth        | |  0.5

Action                     |  1- 3 |  4- 6 || total
---------------------------+-------+-------++-------
  Melee: Unarmed           |    58 |   140 ||   198
         Headbutt          |    16 |    28 ||    44
    Use: Scroll            |       |     2 ||     2
 Armour: Robe              |     6 |    11 ||    17
         Scale mail        |       |    20 ||    20
  Dodge: Dodged            |    32 |    76 ||   108

Table legend: (Time is in decaauts)
 A = Elapsed time spent in this place.
 B = Non-inter-level travel time spent in this place.
 C = Inter-level travel time spent in this place.
 D = Time resting spent in this place.
 E = Time spent auto-exploring this place.
 F = Levels seen in this place.
 G = Mean time per level.
                   A        B        C        D        E       F      G
               +--------+--------+--------+--------+--------+-----+--------+
         Total |   3549 |   3285 |    264 |      0 |   2797 |   4 |  887.2 |
       Dungeon |   3549 |   3285 |    264 |      0 |   2797 |   4 |  887.2 |
               +--------+--------+--------+--------+--------+-----+--------+

Top non-repeatable levels by time:
     D:3: 1015 daAuts
     D:1: 990 daAuts
     D:4: 811 daAuts
     D:2: 732 daAuts
